 Dungeon Crawl Stone Soup version 0.27.1-33-g824d729ab1 (webtiles) character file.

Game seed: 6787245420056140957

35 Descartes the Fighter (level 3, -2/22 HPs)
             Began as a Felid Wanderer on Nov 25, 2021.
             Slain by Terence (6 damage)
             ... on level 1 of the Dungeon.
             The game lasted 00:02:51 (2144 turns).

Descartes the Fighter (Felid Wanderer)              Turns: 2144, Time: 00:02:52

Health: -2/22      AC:  1    Str:  9    XL:     3   Next: 16%
Magic:  4/4        EV: 17    Int: 15    God:
Gold:   65         SH:  0    Dex: 13    Spells: 2/2 levels left
                                        Lives:  0   Deaths: 0

rFire    . . .     SeeInvis +     - Unarmed
rCold    . . .     Faith    .   (shield unavailable)
rNeg     . . .     Spirit   .   (armour unavailable)
rPois    .         Reflect  .   (helmet unavailable)
rElec    .         Harm     .   (cloak unavailable)
rCorr    .         Rampage  .   (gloves unavailable)
Will     .....                  (boots unavailable)
Stlth    ++........             (no amulet)
HPRegen  0.07/turn              (no ring)
MPRegen  0.09/turn              (no ring)

@: hasted, very quick
A: very small, claws 1, fangs 3, see invisible, speed 1, shaggy fur 1, stealthy
paws, no weapons or thrown items, no armour, multi-lived
a: no special abilities


You were on level 1 of the Dungeon.
You visited 1 branch of the dungeon, and saw 2 of its levels.

You collected 65 gold pieces.

Inventory:

Scrolls
 c - a scroll of magic mapping {unknown}
 d - a scroll of enchant armour {unknown}
 e - 3 scrolls of identify {unknown}
Potions
 b - a potion of lignification


   Skills:
 - Level 8.0 Fighting
 * Level 3.0 Dodging
 - Level 3.0 Stealth
 + Level 1.3 Unarmed Combat


You had 2 spell levels left.
You didn't know any spells.
Your spell library was empty.

Dungeon Overview and Level Annotations

Branches:
Dungeon (2/15)

Altars:

Annotations:
D:1 Terence
D:2 Robin


Innate Abilities, Weirdness & Mutations

You have sharp claws.
You have razor-sharp teeth.
You have supernaturally acute eyesight. (SInv)
You cover ground quickly. (Speed+)
You are covered in fur. (AC +1)
Your paws help you pounce on unaware monsters.
You are incapable of wielding weapons or throwing items.
You cannot wear armour.
You gain extra lives every three experience levels.


Message History

You are too injured to fight recklessly!
There is a stone staircase leading up, spattered with blood here.
You climb upwards.
There is a stone staircase leading down here.
HP restored.
Done exploring.
You climb downwards.
Level annotation: Robin, Terence Terence hits you with a +0 short sword.
Terence says, "How do you enjoy it?" Terence hits you with a +0 short sword!
There is a stone staircase leading up, spattered with blood here.
Terence hits you with a +0 short sword.
You climb upwards.
There is a stone staircase leading down here.
There is a fountain of clear blue water here.
Terence is nearby!
It was a potion of magic.
Magic courses through your body.
It was a potion of haste.
You feel yourself speed up.
You feel better.
Terence asks, "Do you want it fast or slow?"
You barely miss Terence. Terence hits you with a +0 short sword.
You are too injured to fight recklessly!
You are too injured to fight recklessly!
You scratch Terence but do no damage. Terence hits you with a +0 short sword.
You barely miss Terence. Your bite misses Terence.
You scratch Terence but do no damage. Your bite misses Terence.
Terence hits you with a +0 short sword.
* * * LOW HITPOINT WARNING * * *
You scratch Terence but do no damage. Terence hits you with a +0 short sword.
* * * LOW HITPOINT WARNING * * *
You scratch Terence.
Terence is lightly wounded.
You scratch Terence.
Terence is lightly wounded.
Terence barely misses you.
You barely miss Terence.
Terence is lightly wounded.
Terence hits you with a +0 short sword.
You die...

########### ....#.....##
...........##
............#############
................@@......#########
............###########.........#
..........[...####......#######..
............#....................
...........##.........###'###....
...>#.....###..⌠....'####.####'..
######.#### #......##..##..##.##.
#.# #....#####.###.##..## #.#
#....#...#...#.###...


You could see Terence.

Vanquished Creatures
  An adder (D:2)
  2 bats (D:2)
  An endoplasm (D:2)
  2 giant cockroaches
  2 hobgoblins
  3 kobolds
  2 quokkas
  4 ball pythons
  2 frilled lizards (D:1)
  4 goblins
  2 rats (D:1)
25 creatures vanquished.

Notes
Turn   | Place    | Note
-------+----------+-------------------------------------------
     0 | D:1      | Descartes the Felid Wanderer began the quest for the Orb.
     0 | D:1      | Descartes set off with the following items: a potion of
                  | curing, a potion of lignification
     0 | D:1      | Reached XP level 1. HP: 15/15 MP: 2/2
   142 | D:1      | Found a faded altar of an unknown god.
   149 | D:1      | Reached skill level 1 in Dodging
   378 | D:1      | Reached XP level 2. HP: 19/19 MP: 3/3
  1026 | D:2      | Reached skill level 1 in Unarmed Combat
  1299 | D:2      | Noticed Robin
  1908 | D:2      | Reached XP level 3. HP: 22/22 MP: 4/4
  1915 | D:2      | Noticed Terence
  2144 | D:1      | Slain by Terence

Illustrated notes

Levels and vault maps discovered:
D:1:      nicolae_arrival_somewhat_less_tricky_arrival, layout_rooms,
          shapermc_ecumenical_altar_ellora, corexii_leaking_fountain
D:2:      layout_basic, serial_rivers, chequers_serial_rivers_micro_d,
          chequers_serial_rivers_large_a, chequers_serial_rivers_micro_d,
          chequers_serial_rivers_small_3, minmay_tromino_i2, uniq_robin,
          uniq_terence

Skill      XL: |  1  2 |
---------------+-------+-----
Dodging        | 1 3 |  3.0
Stealth        | 3 |  3.0
Unarmed Combat | 1 |  1.3
Fighting       | |  8.0

Action                   || total
-------------------------++-------
Melee: Unarmed           ||   107
       Bite              ||     8
       Punch             ||     1
  Use: Potion            ||     3
 Stab: Sleeping          ||     4
Armor: Skin              ||     2
Dodge: Dodged            ||    89
